| TOP OF THE 1ST |
|
Pompano Beach Stingrays batting - Pitching for Cocoa Flyers : RHP Carlos Games
|
|
Pitching: RHP Carlos Games
|
|
|
Batting: RHB Jorge Villalobos
|
0-0: Ball 1-0: TRIPLE (Line Drive, 78XD, EV 108.1 MPH)
|
|
Batting: SHB Gene Roof
|
0-0: Ball 1-0: Foul Ball, location: 2F 1-1: Foul Ball, location: 2F 1-2: Ball 2-2: Ball 3-2: Strikes out swinging
|
|
Batting: LHB Arnold McCrary
|
0-0: Swinging Strike 0-1: Ball 1-1: Ball 2-1: Called Strike 2-2: Ball 3-2: Strikes out swinging
|
|
Batting: RHB Mark Strucher
|
0-0: Ball 1-0: Called Strike 1-1: Foul Ball, location: 2F 1-2: Ball 2-2: Foul Ball, location: 2F 2-2: SINGLE (Flyball, 6MD, EV 93.8 MPH) Jorge Villalobos scores
|
|
Batting: SHB Juan Molina
|
0-0: Fielders Choice at 2nd, 6-4 (Groundball, 6, EV 87.5 MPH)
|
| Top of the 1st over - 1 run, 2 hits, 0 errors, 1 left on base; Pompano Beach 1 - Cocoa 0 |
| BOTTOM OF THE 1ST |
|
Cocoa Flyers batting - Pitching for Pompano Beach Stingrays : LHP Mathew Reeves
|
|
Pitching: LHP Mathew Reeves
|
|
|
Batting: RHB Danny Arroyo
|
0-0: Bunt missed! 0-1: SINGLE (Groundball, 56D, EV 105.6 MPH)
|
|
Batting: LHB Shanie Dugas
|
0-0: Swinging Strike 0-1: Called Strike 0-2: Ball 1-2: Fly out, F2 (Popup, 2LF, EV 94.4 MPH)
|
|
Batting: LHB Mike Jones
|
0-0: Ball 1-0: Ball 2-0: Called Strike 2-1: Swinging Strike 2-2: Foul Ball, location: 2F 2-2: Fielders Choice at 2nd, 6-4 (Groundball, 6, EV 86.9 MPH)
|
|
Batting: RHB Larry McNutt
|
0-0: Ball 1-0: Called Strike Mike Jones is caught stealing 2nd base 2-4
|
| Bottom of the 1st over - 0 runs, 1 hit, 0 errors, 0 left on base; Pompano Beach 1 - Cocoa 0 |
| TOP OF THE 2ND |
|
Pompano Beach Stingrays batting - Pitching for Cocoa Flyers : RHP Carlos Games
|
|
Batting: LHB Steve Phillips
|
0-0: Ball 1-0: Foul Ball, location: 2F 1-1: Ball 2-1: Called Strike 2-2: Strikes out swinging
|
|
Batting: SHB Maury Ornest
|
0-0: Called Strike 0-1: Ball 1-1: Ball 2-1: Foul Ball, location: 2F 2-2: Strikes out swinging
|
|
Batting: RHB William Waag
|
0-0: Ball 1-0: Ball 2-0: Fly out, F7 (Flyball, 78S, EV 89.4 MPH)
|
| Top of the 2nd over - 0 runs, 0 hits, 0 errors, 0 left on base; Pompano Beach 1 - Cocoa 0 |
| BOTTOM OF THE 2ND |
|
Cocoa Flyers batting - Pitching for Pompano Beach Stingrays : LHP Mathew Reeves
|
|
Batting: RHB Larry McNutt
|
0-0: Fly out, F7 (Flyball, 7LM, EV 95.0 MPH)
|
|
Batting: LHB Gary Robertson
|
0-0: Ball 1-0: Foul Ball, location: 2F 1-1: Called Strike 1-2: Foul Ball, location: 2F 1-2: Fly out, F7 (Flyball, 78D, EV 84.4 MPH)
|
|
Batting: RHB Miguel Dominguez
|
0-0: Called Strike 0-1: Ground out 4-3 (Groundball, 34, EV 101.3 MPH)
|
| Bottom of the 2nd over - 0 runs, 0 hits, 0 errors, 0 left on base; Pompano Beach 1 - Cocoa 0 |
| TOP OF THE 3RD |
|
Pompano Beach Stingrays batting - Pitching for Cocoa Flyers : RHP Carlos Games
|
|
Batting: RHB Jimmy Thomas
|
0-0: Foul Ball, location: 2F 0-1: Foul Ball, location: 2F 0-2: Fly out, F9 (Line Drive, 9D, EV 88.1 MPH)
|
|
Batting: RHB Jorge Villalobos
|
0-0: SINGLE (Groundball, 6D, EV 95.0 MPH)
|
|
Batting: SHB Gene Roof
|
0-0: Ball Jorge Villalobos is caught stealing 2nd base 2-6 1-0: Ball 2-0: Called Strike 2-1: Foul Ball, location: 2F 2-2: Ball 3-2: Foul Ball, location: 2F 3-2: Foul Ball, location: 2F 3-2: SINGLE (Groundball, 34D, EV 96.9 MPH)
|
|
Batting: LHB Arnold McCrary
|
0-0: Fly out, F7 (Flyball, 78D, EV 93.1 MPH)
|
| Top of the 3rd over - 0 runs, 2 hits, 0 errors, 1 left on base; Pompano Beach 1 - Cocoa 0 |
| BOTTOM OF THE 3RD |
|
Cocoa Flyers batting - Pitching for Pompano Beach Stingrays : LHP Mathew Reeves
|
|
Batting: LHB Clint Hurdle
|
0-0: Foul Ball, location: 2F 0-1: DOUBLE (Flyball, 89XD, EV 90.0 MPH)
|
|
Batting: RHB Lorenzo Quintanilla
|
0-0: Foul Ball, location: 2F 0-1: Called Strike 0-2: Fly out, F8 (Line Drive, 8RM, EV 91.9 MPH)
|
|
Batting: RHB Jorge Diaz
|
0-0: Swinging Strike 0-1: SINGLE (Groundball, 25, EV 71.3 MPH) (infield hit) Clint Hurdle to third
|
|
Batting: RHB Danny Arroyo
|
0-0: Ball 1-0: Ball 2-0: Foul Ball, location: 2F 2-1: SINGLE (Groundball, 6D, EV 100.6 MPH) Clint Hurdle scores Jorge Diaz to second
|
|
Batting: LHB Shanie Dugas
|
0-0: Ball 1-0: Ball 2-0: Swinging Strike 2-1: Foul Ball, location: 2F 2-2: Ball 3-2: Base on Balls Jorge Diaz to third Danny Arroyo to second
|
|
Batting: LHB Mike Jones
|
0-0: Ball 1-0: Called Strike 1-1: Foul Ball, location: 2F 1-2: Ball 2-2: Foul Ball, location: 2F 2-2: Ball 3-2: Foul Ball, location: 2F 3-2: Strikes out swinging
|
|
Batting: RHB Larry McNutt
|
0-0: Ball 1-0: SINGLE (Groundball, 6MD, EV 94.4 MPH) Jorge Diaz scores Danny Arroyo to third Shanie Dugas to second Runner from 3rd tries for Home, SAFE, throw by CF to home
|
|
Batting: LHB Gary Robertson
|
0-0: Ball 1-0: Called Strike 1-1: Foul Ball, location: 2F 1-2: Ball 2-2: Strikes out swinging
|
| Bottom of the 3rd over - 3 runs, 4 hits, 0 errors, 2 left on base; Pompano Beach 1 - Cocoa 3 |
| TOP OF THE 4TH |
|
Pompano Beach Stingrays batting - Pitching for Cocoa Flyers : RHP Carlos Games
|
|
Batting: RHB Mark Strucher
|
0-0: Ball 1-0: Ball 2-0: Fly out, F8 (Flyball, 78D, EV 98.1 MPH)
|
|
Batting: SHB Juan Molina
|
0-0: Called Strike 0-1: Foul Ball, location: 2F 0-2: Foul Ball, location: 2F 0-2: Foul Ball, location: 2F 0-2: Foul Ball, location: 2F 0-2: SINGLE (Groundball, 34D, EV 103.1 MPH)
|
|
Batting: LHB Steve Phillips
|
0-0: Ball 1-0: Ball 2-0: Ball 3-0: Base on Balls Juan Molina to second
|
|
Batting: SHB Maury Ornest
|
0-0: Foul Ball, location: 2F 0-1: Ball 1-1: Ball 2-1: SINGLE (Line Drive, 34D, EV 105.0 MPH) Juan Molina to third Steve Phillips to second
|
|
Batting: RHB William Waag
|
0-0: Grounds into fielders choice 4-2 (Groundball, 4, EV 83.8 MPH) Steve Phillips to third Maury Ornest to second
|
|
Batting: RHB Jimmy Thomas
|
0-0: Ball 1-0: Foul Ball, location: 2F 1-1: Ball 2-1: SINGLE (Line Drive, 4MD, EV 94.4 MPH) Steve Phillips scores Maury Ornest to third William Waag to second Runner from 3rd tries for Home, SAFE, throw by CF to home
|
|
Batting: RHB Jorge Villalobos
|
0-0: Ball 1-0: Called Strike 1-1: SINGLE (Line Drive, 56D, EV 108.1 MPH) William Waag to third Jimmy Thomas to second Runner from 3rd tries for Home, SAFE, throw by LF to home
|
|
Batting: SHB Gene Roof
|
0-0: Ball 1-0: Fly out, F7 (Flyball, 7, EV 82.5 MPH)
|
| Top of the 4th over - 3 runs, 4 hits, 0 errors, 2 left on base; Pompano Beach 4 - Cocoa 3 |
| BOTTOM OF THE 4TH |
|
Cocoa Flyers batting - Pitching for Pompano Beach Stingrays : LHP Mathew Reeves
|
|
Batting: RHB Miguel Dominguez
|
0-0: Ball 1-0: Ball 2-0: Called Strike 2-1: Ball 3-1: Foul Ball, location: 2F 3-2: Fly out, F6 (Popup, P, EV 82.5 MPH)
|
|
Batting: LHB Clint Hurdle
|
0-0: Called Strike 0-1: Foul Ball, location: 2F 0-2: Fly out, F9 (Flyball, 9S, EV 90.6 MPH)
|
|
Batting: RHB Lorenzo Quintanilla
|
0-0: SINGLE (Groundball, 6MD, EV 106.9 MPH)
|
|
Batting: RHB Jorge Diaz
|
0-0: Called Strike 0-1: Fly out, F9 (Flyball, 9LS, EV 88.8 MPH)
|
| Bottom of the 4th over - 0 runs, 1 hit, 0 errors, 1 left on base; Pompano Beach 4 - Cocoa 3 |
| TOP OF THE 5TH |
|
Pompano Beach Stingrays batting - Pitching for Cocoa Flyers : RHP Carlos Games
|
|
Batting: LHB Arnold McCrary
|
0-0: Ground out 4-3 (Groundball, 4, EV 85.0 MPH)
|
|
Batting: RHB Mark Strucher
|
0-0: Ball 1-0: Ground out U3 (Groundball, 34S, EV 89.4 MPH)
|
|
Batting: SHB Juan Molina
|
0-0: Ball 1-0: Foul Ball, location: 2F 1-1: Called Strike 1-2: Fly out, F8 (Flyball, 8RD, EV 102.5 MPH)
|
| Top of the 5th over - 0 runs, 0 hits, 0 errors, 0 left on base; Pompano Beach 4 - Cocoa 3 |
| BOTTOM OF THE 5TH |
|
Cocoa Flyers batting - Pitching for Pompano Beach Stingrays : LHP Mathew Reeves
|
|
Batting: RHB Danny Arroyo
|
0-0: Ball 1-0: Ball 2-0: Foul Ball, location: 2F 2-1: Ball 3-1: Base on Balls
|
|
Batting: LHB Shanie Dugas
|
0-0: Ball Danny Arroyo is caught stealing 2nd base 2-6 1-0: Swinging Strike 1-1: Ball 2-1: Swinging Strike 2-2: Strikes out swinging
|
|
Batting: LHB Mike Jones
|
0-0: Called Strike 0-1: Foul Ball, location: 2F 0-2: Ball 1-2: Foul Ball, location: 2F 1-2: Ball 2-2: Foul Ball, location: 2F 2-2: Ground out 3-1 (Groundball, 34, EV 107.5 MPH)
|
| Bottom of the 5th over - 0 runs, 0 hits, 0 errors, 0 left on base; Pompano Beach 4 - Cocoa 3 |
| TOP OF THE 6TH |
|
Pompano Beach Stingrays batting - Pitching for Cocoa Flyers : RHP Carlos Games
|
|
Batting: LHB Steve Phillips
|
0-0: Ball 1-0: Ball 2-0: Fly out, F8 (Line Drive, 8LM, EV 101.3 MPH)
|
|
Batting: SHB Maury Ornest
|
0-0: Ground out 4-3 (Groundball, 4, EV 92.5 MPH)
|
|
Batting: RHB William Waag
|
0-0: Hit by Pitch
|
|
Batting: RHB Jimmy Thomas
|
0-0: Ball 1-0: Called Strike 1-1: Foul Ball, location: 2F 1-2: Foul Ball, location: 2F 1-2: Strikes out looking
|
| Top of the 6th over - 0 runs, 0 hits, 0 errors, 1 left on base; Pompano Beach 4 - Cocoa 3 |
| BOTTOM OF THE 6TH |
|
Cocoa Flyers batting - Pitching for Pompano Beach Stingrays : LHP Mathew Reeves
|
|
Batting: RHB Larry McNutt
|
0-0: Called Strike 0-1: Foul Ball, location: 2F 0-2: Fly out, F7 (Flyball, 7D, EV 94.4 MPH)
|
|
Batting: LHB Gary Robertson
|
0-0: Called Strike 0-1: Swinging Strike 0-2: Ball 1-2: Fly out, F5 (Popup, 5S, EV 82.5 MPH)
|
|
Batting: RHB Miguel Dominguez
|
0-0: Ball 1-0: Called Strike 1-1: Foul Ball, location: 2F 1-2: Strikes out swinging
|
| Bottom of the 6th over - 0 runs, 0 hits, 0 errors, 0 left on base; Pompano Beach 4 - Cocoa 3 |
| TOP OF THE 7TH |
|
Pompano Beach Stingrays batting - Pitching for Cocoa Flyers : RHP Carlos Games
|
|
Batting: RHB Jorge Villalobos
|
0-0: Called Strike 0-1: Foul Ball, location: 2F 0-2: Ball 1-2: Ground out 6-3 (Groundball, 6, EV 80.0 MPH)
|
|
Batting: SHB Gene Roof
|
0-0: DOUBLE (Flyball, 8LD, EV 105.6 MPH)
|
|
Batting: LHB Arnold McCrary
|
0-0: Intentional Walk
|
|
Batting: RHB Mark Strucher
|
0-0: Called Strike 0-1: Swinging Strike 0-2: Ball 1-2: Ball 2-2: Ball 3-2: SINGLE (Line Drive, 34D, EV 107.5 MPH) Gene Roof to third Arnold McCrary to second
|
|
Batting: SHB Juan Molina
|
0-0: Called Strike 0-1: Grounds into fielders choice 6-2 (Groundball, 6, EV 84.4 MPH) Arnold McCrary to third Mark Strucher to second
|
|
Batting: LHB Steve Phillips
|
0-0: Swinging Strike 0-1: Called Strike 0-2: Strikes out swinging
|
| Top of the 7th over - 0 runs, 2 hits, 0 errors, 3 left on base; Pompano Beach 4 - Cocoa 3 |
| BOTTOM OF THE 7TH |
|
Cocoa Flyers batting - Pitching for Pompano Beach Stingrays : LHP Mathew Reeves
|
|
Batting: LHB Clint Hurdle
|
0-0: Called Strike 0-1: Called Strike 0-2: Ground out 4-3 (Groundball, 34D, EV 100.6 MPH)
|
|
Batting: RHB Lorenzo Quintanilla
|
0-0: Foul Ball, location: 2F 0-1: Foul Ball, location: 2F 0-2: Strikes out looking
|
|
Batting: RHB Jorge Diaz
|
0-0: Called Strike 0-1: Fly out, F4 (Popup, 4D, EV 66.9 MPH)
|
| Bottom of the 7th over - 0 runs, 0 hits, 0 errors, 0 left on base; Pompano Beach 4 - Cocoa 3 |
| TOP OF THE 8TH |
|
Pompano Beach Stingrays batting - Pitching for Cocoa Flyers : RHP Carlos Games
|
|
Batting: SHB Maury Ornest
|
0-0: Foul Ball, location: 2F 0-1: Swinging Strike 0-2: Ball 1-2: Fly out, F3 (Line Drive, 3, EV 65.6 MPH)
|
|
Batting: RHB William Waag
|
0-0: Called Strike 0-1: Ball 1-1: Swinging Strike 1-2: Ground out 1-3 (Groundball, 13S, EV 71.9 MPH)
|
|
Batting: RHB Jimmy Thomas
|
0-0: Called Strike 0-1: Ball 1-1: Ground out 2-3 (Groundball, 15S, EV 70.6 MPH)
|
| Top of the 8th over - 0 runs, 0 hits, 0 errors, 0 left on base; Pompano Beach 4 - Cocoa 3 |
| BOTTOM OF THE 8TH |
|
Cocoa Flyers batting - Pitching for Pompano Beach Stingrays : LHP Mathew Reeves
|
|
Batting: RHB Danny Arroyo
|
0-0: Ball 1-0: Ball 2-0: Called Strike 2-1: Foul Ball, location: 2F 2-2: Strikes out swinging
|
|
Batting: LHB Shanie Dugas
|
0-0: Ball 1-0: Ball 2-0: Ball 3-0: Base on Balls
|
|
Batting: LHB Mike Jones
|
0-0: Hit by Pitch Shanie Dugas to second
|
|
Batting: RHB Larry McNutt
|
0-0: Called Strike 0-1: Ball 1-1: 3-RUN HOME RUN (Flyball, 7D, EV 94.4 MPH), Distance : 371 ft
|
|
Pitching: RHP Mark Jarrett
|
|
|
Batting: LHB Gary Robertson
|
0-0: Called Strike 0-1: Foul Ball, location: 2F 0-2: Ball 1-2: Foul Ball, location: 2F 1-2: Foul Ball, location: 2F 1-2: Ball 2-2: Foul Ball, location: 2F 2-2: Ball 3-2: Fly out, F8 (Flyball, 8RD, EV 96.9 MPH)
|
|
Batting: RHB Miguel Dominguez
|
0-0: Ball 1-0: Foul Ball, location: 2F 1-1: Fly out, F6 (Line Drive, 6, EV 71.3 MPH)
|
| Bottom of the 8th over - 3 runs, 1 hit, 0 errors, 0 left on base; Pompano Beach 4 - Cocoa 6 |
| TOP OF THE 9TH |
|
Pompano Beach Stingrays batting - Pitching for Cocoa Flyers : RHP Carlos Games
|
|
Pitching: RHP Jeffery Vail
|
|
|
Now at 2B: Scott Pleis
|
|
|
Now in RF: Michael Palmer
|
|
|
Batting: RHB Jorge Villalobos
|
0-0: Swinging Strike 0-1: Called Strike 0-2: SINGLE (Flyball, 4MD, EV 94.4 MPH)
|
|
Batting: SHB Gene Roof
|
0-0: Ball 1-0: Called Strike 1-1: Ball 2-1: Ball 3-1: Called Strike 3-2: SINGLE (Line Drive, 7LS, EV 101.3 MPH) Jorge Villalobos to second
|
|
Batting: LHB Arnold McCrary
|
0-0: Ball 1-0: Ball 2-0: Called Strike 2-1: Ball 3-1: Swinging Strike 3-2: Foul Ball, location: 2F 3-2: Base on Balls Jorge Villalobos to third Gene Roof to second
|
|
Pitching: LHP Clifford Mackey
|
|
|
Batting: RHB Mark Strucher
|
0-0: Called Strike 0-1: Foul Ball, location: 2F 0-2: Foul Ball, location: 2F 0-2: Ball 1-2: Grounds into double play, 6-4-3 (Groundball, 56D, EV 78.8 MPH) Jorge Villalobos scores Gene Roof to third
|
|
Batting: SHB Juan Molina
|
0-0: Swinging Strike 0-1: Fly out, F9 (Flyball, 89S, EV 84.4 MPH)
|
| Top of the 9th over - 1 run, 2 hits, 0 errors, 1 left on base; Pompano Beach 5 - Cocoa 6 |
|